| TOP OF THE 1ST |
|
Reading Fightin Phils batting - Pitching for Biloxi Shuckers : RHP Travis Bieberich
|
|
Pitching: RHP Travis Bieberich
|
|
|
Batting: RHB Steve Jones
|
0-0: Ground out 4-3 (Groundball, 4, EV 85.0 MPH)
|
|
Batting: RHB Chris Myers
|
0-0: SINGLE (Line Drive, 7S, EV 111.2 MPH)
|
|
Batting: RHB Alan Weller
|
0-0: Called Strike 0-1: Ball 1-1: Grounds into double play, 4-6-3 (Groundball, 4S, EV 83.1 MPH)
|
| Top of the 1st over - 0 runs, 1 hit, 0 errors, 0 left on base; Reading 0 - Biloxi 0 |
| BOTTOM OF THE 1ST |
|
Biloxi Shuckers batting - Pitching for Reading Fightin Phils : LHP Brian Wildrick
|
|
Pitching: LHP Brian Wildrick
|
|
|
Batting: RHB Nick Cummings
|
0-0: Foul Ball, location: 2F 0-1: Ground out 5-3 (Groundball, 56S, EV 84.4 MPH)
|
|
Batting: RHB Steve Byerly
|
0-0: Ball 1-0: Ball 2-0: Ball 3-0: Called Strike 3-1: DOUBLE (Flyball, 78D, EV 96.2 MPH)
|
|
Batting: RHB Skyler Goss
|
0-0: Ball 1-0: Foul Ball, location: 2F 1-1: DOUBLE (Groundball, 5L, EV 98.8 MPH) Steve Byerly scores
|
|
Batting: RHB Matthew Adams
|
0-0: Ball 1-0: Called Strike 1-1: Fly out, F7 (Flyball, 7S, EV 87.5 MPH)
|
|
Batting: SHB Mike Williams
|
0-0: Called Strike 0-1: Ball 1-1: Foul Ball, location: 2F 1-2: Ground out U3 (Groundball, 34, EV 82.5 MPH)
|
| Bottom of the 1st over - 1 run, 2 hits, 0 errors, 1 left on base; Reading 0 - Biloxi 1 |
| TOP OF THE 2ND |
|
Reading Fightin Phils batting - Pitching for Biloxi Shuckers : RHP Travis Bieberich
|
|
Batting: LHB Josh George
|
0-0: Called Strike 0-1: Ball 1-1: Ball 2-1: DOUBLE (Groundball, 5L, EV 108.1 MPH)
|
|
Batting: RHB Zach Downs
|
0-0: Ball 1-0: Ball 2-0: SINGLE (Groundball, 6D, EV 102.5 MPH) Josh George to third
|
|
Batting: LHB Danny Zuniga
|
0-0: Called Strike 0-1: Ball 1-1: Ball 2-1: Ball 3-1: Grounds into double play, 4-6-3 (Groundball, 34, EV 99.4 MPH) Josh George scores
|
|
Batting: LHB Rich Kuehne
|
0-0: Called Strike 0-1: Foul Ball, location: 2F 0-2: Foul Ball, location: 2F 0-2: Ball 1-2: Ground out 6-3 (Groundball, 6, EV 88.1 MPH)
|
| Top of the 2nd over - 1 run, 2 hits, 0 errors, 0 left on base; Reading 1 - Biloxi 1 |
| BOTTOM OF THE 2ND |
|
Biloxi Shuckers batting - Pitching for Reading Fightin Phils : LHP Brian Wildrick
|
|
Batting: SHB Mitchell Greene
|
0-0: Ball 1-0: Called Strike 1-1: Called Strike 1-2: SINGLE (Line Drive, 78S, EV 102.5 MPH)
|
|
Batting: RHB Dustin Hartman
|
0-0: Ball 1-0: Ball 2-0: Ground out 6-3 (Groundball, P, EV 88.1 MPH) Mitchell Greene to second
|
|
Batting: RHB Cameron Rattenbury
|
0-0: Ball 1-0: Called Strike 1-1: Foul Ball, location: 2F 1-2: Ball 2-2: Foul Ball, location: 2F 2-2: Hit by Pitch
|
|
Batting: SHB Robert Sayer
|
0-0: Ball Mitchell Greene steals 3rd base Cameron Rattenbury to second 1-0: Ball 2-0: Ground out 5-3 (Groundball, 56S, EV 89.4 MPH) Mitchell Greene scores
|
|
Batting: RHB Nick Cummings
|
0-0: Ball 1-0: SINGLE (Groundball, 6M, EV 110.0 MPH) (infield hit) Cameron Rattenbury to third
|
|
Batting: RHB Steve Byerly
|
0-0: Called Strike 0-1: Called Strike 0-2: Ball 1-2: Ball 2-2: Ball 3-2: Foul Ball, location: 2F 3-2: Foul Ball, location: 2F 3-2: Fly out, F8 (Flyball, 8LXD, EV 90.6 MPH)
|
| Bottom of the 2nd over - 1 run, 2 hits, 0 errors, 2 left on base; Reading 1 - Biloxi 2 |
| TOP OF THE 3RD |
|
Reading Fightin Phils batting - Pitching for Biloxi Shuckers : RHP Travis Bieberich
|
|
Batting: RHB Frank Ramirez
|
0-0: Ball 1-0: Ball 2-0: Ball 3-0: Called Strike 3-1: TRIPLE (Line Drive, 89XD, EV 106.9 MPH)
|
|
Batting: RHB Cory Bonham
|
0-0: Ball 1-0: Swinging Strike 1-1: Called Strike 1-2: Ball 2-2: Foul Ball, location: 2F 2-2: Strikes out swinging
|
|
Batting: RHB Steve Jones
|
0-0: Foul Ball, location: 2F 0-1: Called Strike 0-2: Ball 1-2: Ball 2-2: Fly out, F8 (Flyball, 8RD, EV 76.9 MPH) Runner from 3rd tags up, SCORES, throw by CF
|
|
Batting: RHB Chris Myers
|
0-0: Called Strike 0-1: SINGLE (Groundball, 6M, EV 103.1 MPH) (infield hit)
|
|
Batting: RHB Alan Weller
|
0-0: Ball 1-0: Called Strike 1-1: Ball 2-1: Ground out 1-3 (Groundball, 15S, EV 65.6 MPH)
|
| Top of the 3rd over - 1 run, 2 hits, 0 errors, 1 left on base; Reading 2 - Biloxi 2 |
| BOTTOM OF THE 3RD |
|
Biloxi Shuckers batting - Pitching for Reading Fightin Phils : LHP Brian Wildrick
|
|
Batting: RHB Skyler Goss
|
0-0: Called Strike 0-1: Called Strike 0-2: Fly out, F7 (Flyball, 78M, EV 86.9 MPH)
|
|
Batting: RHB Matthew Adams
|
0-0: Foul Ball, location: 2F 0-1: Foul Ball, location: 2F 0-2: Strikes out swinging, 2-3 out at first.
|
|
Batting: SHB Mike Williams
|
0-0: Ball 1-0: Ball 2-0: Ball 3-0: Called Strike 3-1: Fly out, F8 (Flyball, 8LD, EV 99.4 MPH)
|
| Bottom of the 3rd over - 0 runs, 0 hits, 0 errors, 0 left on base; Reading 2 - Biloxi 2 |
| TOP OF THE 4TH |
|
Reading Fightin Phils batting - Pitching for Biloxi Shuckers : RHP Travis Bieberich
|
|
Batting: LHB Josh George
|
0-0: Foul Ball, location: 2F 0-1: Ground out 4-3 (Groundball, 34S, EV 61.9 MPH)
|
|
Batting: RHB Zach Downs
|
0-0: SINGLE (Groundball, 56D, EV 94.4 MPH)
|
|
Batting: LHB Danny Zuniga
|
0-0: Called Strike 0-1: Ball 1-1: Foul Ball, location: 2F 1-2: Strikes out swinging
|
|
Batting: LHB Rich Kuehne
|
0-0: Ball 1-0: Swinging Strike 1-1: Ball 2-1: Foul Ball, location: 2F 2-2: Strikes out swinging
|
| Top of the 4th over - 0 runs, 1 hit, 0 errors, 1 left on base; Reading 2 - Biloxi 2 |
| BOTTOM OF THE 4TH |
|
Biloxi Shuckers batting - Pitching for Reading Fightin Phils : LHP Brian Wildrick
|
|
Batting: SHB Mitchell Greene
|
0-0: Ball 1-0: Called Strike 1-1: TRIPLE (Line Drive, 9LD, EV 107.5 MPH)
|
|
Batting: RHB Dustin Hartman
|
0-0: Ground out 5-3 (Groundball, 56, EV 88.1 MPH) Mitchell Greene scores
|
|
Batting: RHB Cameron Rattenbury
|
0-0: Ball 1-0: Foul Ball, location: 2F 1-1: Foul Ball, location: 2F 1-2: Foul Ball, location: 2F 1-2: Ball 2-2: Foul Ball, location: 2F 2-2: Strikes out swinging
|
|
Batting: SHB Robert Sayer
|
0-0: Ground out 4-3 (Groundball, 34, EV 82.5 MPH)
|
| Bottom of the 4th over - 1 run, 1 hit, 0 errors, 0 left on base; Reading 2 - Biloxi 3 |
| TOP OF THE 5TH |
|
Reading Fightin Phils batting - Pitching for Biloxi Shuckers : RHP Travis Bieberich
|
|
Batting: RHB Frank Ramirez
|
0-0: Foul Ball, location: 2F 0-1: Ball 1-1: Ground out 3-1 (Groundball, 34S, EV 81.2 MPH)
|
|
Batting: RHB Cory Bonham
|
0-0: Foul Ball, location: 2F 0-1: SINGLE (Line Drive, 6MD, EV 115.0 MPH)
|
|
Batting: RHB Steve Jones
|
0-0: Called Strike 0-1: Swinging Strike Cory Bonham steals 2nd, throwing error, E2 Cory Bonham to third 0-2: SINGLE (Line Drive, 6M, EV 100.0 MPH) Cory Bonham scores
|
|
Batting: RHB Chris Myers
|
0-0: Ball 1-0: Called Strike Steve Jones steals 2nd base 1-1: SINGLE (Groundball, 6M, EV 105.0 MPH) (infield hit) Steve Jones to third
|
|
Batting: RHB Alan Weller
|
0-0: Ball 1-0: Called Strike 1-1: Ball 2-1: Ground out 5-3 (Groundball, 56S, EV 77.5 MPH) Chris Myers to second
|
|
Batting: LHB Josh George
|
0-0: Intentional Walk
|
|
Batting: RHB Zach Downs
|
0-0: Ball 1-0: Foul Ball, location: 2F 1-1: Fielders Choice at 2nd, 6-4 (Groundball, 6, EV 90.6 MPH)
|
| Top of the 5th over - 1 run, 3 hits, 1 error, 3 left on base; Reading 3 - Biloxi 3 |
| BOTTOM OF THE 5TH |
|
Biloxi Shuckers batting - Pitching for Reading Fightin Phils : LHP Brian Wildrick
|
|
Batting: RHB Nick Cummings
|
0-0: Ball 1-0: Ball 2-0: Swinging Strike 2-1: Foul Ball, location: 2F 2-2: Foul Ball, location: 2F 2-2: Ball 3-2: Foul Ball, location: 2F 3-2: Base on Balls
|
|
Batting: RHB Steve Byerly
|
0-0: Ball Nick Cummings steals 2nd base (no throw) 1-0: Ball 2-0: Ball 3-0: Called Strike 3-1: Called Strike 3-2: Foul Ball, location: 2F 3-2: Base on Balls
|
|
Batting: RHB Skyler Goss
|
0-0: Ball 1-0: Ball 2-0: Called Strike 2-1: Foul Ball, location: 2F 2-2: Ball 3-2: Base on Balls Nick Cummings to third Steve Byerly to second
|
|
Pitching: LHP Scott Hopkins
|
|
|
Batting: RHB Matthew Adams
|
0-0: Ball 1-0: Fly out, F8 (Flyball, 8LD, EV 97.5 MPH) Runner from 3rd tags up, SCORES, no throw by CF
|
|
Batting: SHB Mike Williams
|
0-0: Fly out, F8 (Flyball, 8LM, EV 93.8 MPH)
|
|
Batting: SHB Mitchell Greene
|
0-0: Called Strike 0-1: Ball 1-1: Ball 2-1: SINGLE (Groundball, 6S, EV 74.4 MPH) (infield hit) Steve Byerly to third Skyler Goss to second
|
|
Batting: RHB Dustin Hartman
|
0-0: Called Strike 0-1: Swinging Strike 0-2: Ball 1-2: DOUBLE (Line Drive, 9LM, EV 102.5 MPH) Steve Byerly scores Skyler Goss scores Mitchell Greene to third Runner from 3rd tries for Home, SAFE, throw by RF to home
|
|
Batting: RHB Cameron Rattenbury
|
0-0: Ball 1-0: Ball 2-0: Swinging Strike 2-1: Ball 3-1: Ground out 1-3 (Groundball, 13S, EV 71.2 MPH)
|
| Bottom of the 5th over - 4 runs, 2 hits, 0 errors, 1 left on base; Reading 3 - Biloxi 7 |
| TOP OF THE 6TH |
|
Reading Fightin Phils batting - Pitching for Biloxi Shuckers : RHP Travis Bieberich
|
|
Batting: LHB Danny Zuniga
|
0-0: Ball 1-0: Ball 2-0: Foul Ball, location: 2F 2-1: Ground out U3 (Groundball, 3L, EV 88.8 MPH)
|
|
Batting: LHB Rich Kuehne
|
0-0: Called Strike 0-1: Swinging Strike 0-2: Strikes out looking
|
|
Batting: RHB Frank Ramirez
|
0-0: Swinging Strike 0-1: Ball 1-1: Ball 2-1: Foul Ball, location: 2F 2-2: Strikes out looking
|
| Top of the 6th over - 0 runs, 0 hits, 0 errors, 0 left on base; Reading 3 - Biloxi 7 |
| BOTTOM OF THE 6TH |
|
Biloxi Shuckers batting - Pitching for Reading Fightin Phils : LHP Scott Hopkins
|
|
Batting: SHB Robert Sayer
|
0-0: Ground out 5-3 (Groundball, 56, EV 77.5 MPH)
|
|
Batting: RHB Nick Cummings
|
0-0: Called Strike 0-1: Called Strike 0-2: Strikes out swinging
|
|
Batting: RHB Steve Byerly
|
0-0: Called Strike 0-1: Ball 1-1: Ball 2-1: SINGLE (Groundball, 34D, EV 106.2 MPH)
|
|
Batting: RHB Skyler Goss
|
0-0: Ball 1-0: Foul Ball, location: 2F 1-1: Fly out, F8 (Flyball, 8RXD, EV 103.1 MPH)
|
| Bottom of the 6th over - 0 runs, 1 hit, 0 errors, 1 left on base; Reading 3 - Biloxi 7 |
| TOP OF THE 7TH |
|
Reading Fightin Phils batting - Pitching for Biloxi Shuckers : RHP Travis Bieberich
|
|
Batting: RHB Cory Bonham
|
0-0: Ball 1-0: Ball 2-0: SOLO HOME RUN (Flyball, 7D, EV 98.8 MPH), Distance : 380 ft
|
|
Batting: RHB Steve Jones
|
0-0: Called Strike 0-1: Foul Ball, location: 2F 0-2: Ground out 6-3 (Groundball, 6M, EV 99.4 MPH)
|
|
Pitching: RHP Junzo Yanagisawa
|
|
|
Batting: RHB Chris Myers
|
0-0: Called Strike 0-1: Fly out, F8 (Flyball, 78D, EV 81.9 MPH)
|
|
Batting: RHB Alan Weller
|
0-0: Foul Ball, location: 2F 0-1: Ground out 6-3 (Groundball, 6, EV 85.0 MPH)
|
| Top of the 7th over - 1 run, 1 hit, 0 errors, 0 left on base; Reading 4 - Biloxi 7 |
| BOTTOM OF THE 7TH |
|
Biloxi Shuckers batting - Pitching for Reading Fightin Phils : LHP Scott Hopkins
|
|
Pitching: LHP Wil Diaz
|
|
|
Batting: RHB Matthew Adams
|
0-0: Ball 1-0: Called Strike 1-1: Fly out, F9 (Flyball, 9, EV 92.5 MPH)
|
|
Batting: SHB Mike Williams
|
0-0: Swinging Strike 0-1: Foul Ball, location: 2F 0-2: Foul Ball, location: 2F 0-2: Strikes out swinging
|
|
Batting: SHB Mitchell Greene
|
0-0: SOLO HOME RUN (Flyball, 78XD, EV 105.0 MPH), Distance : 416 ft
|
|
Batting: RHB Dustin Hartman
|
0-0: Ball 1-0: Foul Ball, location: 2F 1-1: Swinging Strike 1-2: Foul Ball, location: 2F 1-2: Ball 2-2: Strikes out looking
|
| Bottom of the 7th over - 1 run, 1 hit, 0 errors, 0 left on base; Reading 4 - Biloxi 8 |
| TOP OF THE 8TH |
|
Reading Fightin Phils batting - Pitching for Biloxi Shuckers : RHP Junzo Yanagisawa
|
|
Batting: LHB Josh George
|
0-0: Ball 1-0: Ball 2-0: Foul Ball, location: 2F 2-1: Foul Ball, location: 2F 2-2: Ball 3-2: Strikes out swinging
|
|
Batting: RHB Zach Downs
|
0-0: Ball 1-0: Called Strike 1-1: Fly out, F9 (Flyball, 9D, EV 78.1 MPH)
|
|
Batting: LHB Danny Zuniga
|
0-0: Swinging Strike 0-1: Ball 1-1: Swinging Strike 1-2: Foul Ball, location: 2F 1-2: Strikes out swinging
|
| Top of the 8th over - 0 runs, 0 hits, 0 errors, 0 left on base; Reading 4 - Biloxi 8 |
| BOTTOM OF THE 8TH |
|
Biloxi Shuckers batting - Pitching for Reading Fightin Phils : LHP Wil Diaz
|
|
Pitching: RHP Rome Corona
|
|
|
Batting: RHB Cameron Rattenbury
|
0-0: Called Strike 0-1: Called Strike 0-2: Ball 1-2: Strikes out swinging
|
|
Batting: SHB Robert Sayer
|
0-0: Called Strike 0-1: Ball 1-1: SOLO HOME RUN (Flyball, 9D, EV 97.5 MPH), Distance : 364 ft
|
|
Batting: RHB Nick Cummings
|
0-0: DOUBLE (Line Drive, 9LS, EV 98.1 MPH)
|
|
Batting: RHB Steve Byerly
|
0-0: Called Strike 0-1: Called Strike 0-2: Ground out 4-3 (Groundball, 4, EV 87.5 MPH) Nick Cummings to third
|
|
Batting: RHB Skyler Goss
|
0-0: Ball 1-0: Ball 2-0: Ball 3-0: Called Strike 3-1: Base on Balls
|
|
Batting: RHB Matthew Adams
|
0-0: Called Strike 0-1: Called Strike 0-2: Strikes out swinging
|
| Bottom of the 8th over - 1 run, 2 hits, 0 errors, 2 left on base; Reading 4 - Biloxi 9 |
| TOP OF THE 9TH |
|
Reading Fightin Phils batting - Pitching for Biloxi Shuckers : RHP Junzo Yanagisawa
|
|
Batting: LHB Rich Kuehne
|
0-0: Ball 1-0: Ball 2-0: Swinging Strike 2-1: Swinging Strike 2-2: Strikes out swinging
|
|
Batting: RHB Frank Ramirez
|
0-0: Called Strike 0-1: Foul Ball, location: 2F 0-2: Strikes out swinging
|
|
Batting: RHB Cory Bonham
|
0-0: DOUBLE (Line Drive, 89D, EV 108.1 MPH)
|
|
Batting: RHB Steve Jones
|
0-0: Ball 1-0: Called Strike 1-1: Ground out 5-3 (Groundball, 56S, EV 70.0 MPH)
|
| Top of the 9th over - 0 runs, 1 hit, 0 errors, 1 left on base; Reading 4 - Biloxi 9 |
|